 Dungeon Crawl Stone Soup version 0.29-a0-824-gd827844252 (webtiles) character file.

Game seed: 8252627742202855921

32 xian the Caller (level 3, 0/24 HPs)
             Began as a Merfolk Summoner on July 11, 2022.
             Slain by a gnoll
             ... wielding a +0 spear
              (5 damage)
             ... on level 2 of the Dungeon.
             The game lasted 00:04:43 (1637 turns).

xian the Caller (Merfolk Summoner)                  Turns: 1637, Time: 00:04:44

Health: 0/24       AC:  2    Str:  8    XL:     3   Next: 25%
Magic:  6/6        EV: 12    Int: 16    God:
Gold:   84         SH:  0    Dex: 14    Spells: 3/6 levels left

rFire   . . .      SeeInvis .   c - +0 dagger
rCold   . . .      Faith    .   (no shield)
rNeg    . . .      Spirit   .   a - +0 robe
rPois   .          Reflect  .   (no helmet)
rElec   .          Harm     .   (no cloak)
rCorr   .          Rampage  .   (no gloves)
Will    +....                   (no boots)
Stlth   ++........              (no amulet)
HPRegen 0.08/turn               d - ring of willpower
MPRegen 0.10/turn               (no ring)

@: no status effects
A: (nimble swimmer 2), mertail
a: no special abilities


You were on level 2 of the Dungeon.
You visited 1 branch of the dungeon, and saw 2 of its levels.

You collected 84 gold pieces.

Inventory:

Hand Weapons
 c - a +0 dagger (weapon)
Armour
 a - a +0 robe (worn)
Jewellery
 d - a ring of willpower (left hand)
Scrolls
 f - a scroll of enchant weapon {unknown}
 g - 3 scrolls of teleportation {unknown}
 h - a scroll of poison {unknown}
 j - a scroll of fear {unknown}
 l - a scroll of brand weapon {unknown}
Potions
 b - a potion of magic
 e - a potion of curing {unknown}
 i - 2 potions of berserk rage {unknown}
 k - a potion of might {unknown}


   Skills:
 + Level 2.8 Dodging
 + Level 2.2 Stealth
 + Level 2.2 Spellcasting
 + Level 4.8 Summonings


You had 3 spell levels left.
You knew the following spells:

 Your Spells              Type           Power      Damage    Failure   Level
a - Summon Small Mammal   Summ           68%        N/A       2%          1
b - Call Imp              Summ           17%        N/A       4%          2

Your spell library contained the following spells:

 Spells                   Type           Power      Damage    Failure   Level
 Call Canine Familiar     Summ           17%        N/A       9%          3
 Summon Guardian Golem    Hex/Summ       9%         N/A       22%         3
 Summon Lightning Spire   Summ/Air       9%         N/A       58%         4


Dungeon Overview and Level Annotations

Branches:
Dungeon (2/15)

Altars:


Innate Abilities, Weirdness & Mutations

((You are very nimble when in or above water. (Stealth+, EV+, Speed+++)))
Your lower body shifts to a powerful aquatic tail in water.


Message History

The gnoll moves out of view.
A gnoll comes into view. It is wielding a +0 club.
The kobold hits you with a +0 short sword.
The gnoll shouts!
You hit the kobold but do no damage. The kobold closely misses you.
You hit the kobold.
The kobold is severely wounded.
The gnoll closely misses you.
The kobold hits you with a +0 short sword.
You hit the kobold but do no damage.
The kobold is severely wounded.
The gnoll closely misses you. The kobold closely misses you.
You hit the kobold but do no damage.
The kobold is severely wounded.
The gnoll closely misses you. The kobold barely misses you.
You barely miss the kobold.
The kobold is severely wounded.
The gnoll hits you from afar with a +0 halberd.
The kobold closely misses you.
You closely miss the kobold.
The kobold is severely wounded.
The gnoll closely misses you.
The kobold hits you with a +0 short sword.
You barely miss the kobold.
The kobold is severely wounded.
The gnoll closely misses you. The kobold closely misses you.
You barely miss the kobold.
The kobold is severely wounded.
The gnoll barely misses you.
The kobold hits you with a +0 short sword.
You hit the kobold.
You kill the kobold!
The gnoll misses you.
You hit the gnoll.
The gnoll is moderately wounded.
The gnoll hits you from afar with a +0 halberd!
Ouch! That really hurt!
* * * LOW HITPOINT WARNING * * *
The gnoll hits you from afar with a +0 spear.
You die...

# #.......... ..
##.###..#.## #. #..#
#.....# #..########.##
##..#.. ....##....#
##..#.# #..#.####
##.).#.# #
#....######....#..
..#..###g#.##....).##...#
#....gg)@#.##.)......<#..
###..gg###.##........##.#
#........#..........#.#
#...###.............#.#
#...................#.#
.....######............#
..... ###.............#
...## #...............#
#.##..........#.#


You could see 4 gnolls and a goblin.

Vanquished Creatures
  A dart slug (D:1)
  2 bats
  An endoplasm (D:2)
  2 goblins
  2 quokkas (D:1)
  A frilled lizard (D:2)
  3 kobolds
  A rat (D:2)
13 creatures vanquished.

Vanquished Creatures (collateral kills)
  2 ball pythons (D:1)
  A bat (D:1)
  2 endoplasms (D:1)
  A giant cockroach (D:1)
  A goblin (D:1)
  A hobgoblin (D:1)
  A kobold (D:1)
  2 quokkas (D:1)
  A frilled lizard (D:1)
  A rat (D:1)
13 creatures vanquished.

Grand Total: 26 creatures vanquished

Notes
Turn   | Place    | Note
-------+----------+-------------------------------------------
     0 | D:1      | xian the Merfolk Summoner began the quest for the Orb.
     0 | D:1      | Reached XP level 1. HP: 13/13 MP: 3/3
   480 | D:1      | Reached XP level 2. HP: 19/19 MP: 5/5
   493 | D:1      | Learned a level 2 spell: Call Imp
   496 | D:1      | Found a faded altar of an unknown god.
  1127 | D:1      | Reached XP level 3. HP: 24/24 MP: 6/6
  1637 | D:2      | Slain by a gnoll

Illustrated notes

Levels and vault maps discovered:
D:1:      lightli_molten_gateway, layout_basic, basic_ecumenical_altar,
          serial_bayou_crossing
D:2:      layout_rooms, minivault_27

Action                   || total
-------------------------++-------
Melee: Dagger            ||    43
       Unarmed           ||     3
 Cast: Summon Small Mamm ||    10
       Call Imp          ||     5
 Stab: Sleeping          ||     3
Armor: Robe              ||     5
Dodge: Dodged            ||    36

Table legend: (Time is in decaauts)
 A = Elapsed time spent in this place.
 B = Non-inter-level travel time spent in this place.
 C = Inter-level travel time spent in this place.
 D = Time resting spent in this place.
 E = Time spent auto-exploring this place.
 F = Levels seen in this place.
 G = Mean time per level.
                   A        B        C        D        E       F      G
               +--------+--------+--------+--------+--------+-----+--------+
         Total |   1627 |   1605 |     22 |      0 |   1196 |   2 |  813.5 |
       Dungeon |   1627 |   1605 |     22 |      0 |   1196 |   2 |  813.5 |
               +--------+--------+--------+--------+--------+-----+--------+

Top non-repeatable levels by time:
     D:1: 1272 daAuts
     D:2: 354 daAuts
